[ AOE2 MATCH · #479697229 ]
UnrankedCumans vs Koreans
[ REPLAY ANALYSIS · EXTRACTED FROM THE RECORDED GAME ]
Feudal
11:03
Castle
27:07
Imperial
—
| APM avg | 17.8 |
| APM peak | 35 |
| eAPM avg | 11.2 |
| Villagers / military | 103 / 20 |
Focus
⚔️ 20.5% · 🌾 79.5%
Knight ×12 · Fishing Ship ×8 · Spearman ×3 · Battering Ram ×3 · Mangonel ×1 · Scorpion ×1
Feudal
13:14
Castle
22:28
Imperial
35:48
| APM avg | 14.8 |
| APM peak | 38 |
| eAPM avg | 7.9 |
| Villagers / military | 61 / 38 |
Focus
⚔️ 32.0% · 🌾 68.0%
Fire Galley ×18 · Fishing Ship ×17 · Turtle Ship ×11 · Galley ×9
Feudal
11:36
Castle
17:12
Imperial
35:59
| APM avg | 26.6 |
| APM peak | 65 |
| eAPM avg | 13.3 |
| Villagers / military | 106 / 36 |
Focus
⚔️ 13.3% · 🌾 86.7%
Longboat ×32 · Fishing Ship ×31 · Fire Galley ×4 · Unknown (2626) ×4
Feudal
12:31
Castle
—
Imperial
—
| APM avg | 14.0 |
| APM peak | 31 |
| eAPM avg | 7.7 |
| Villagers / military | 35 / 27 |
Focus
⚔️ 32.5% · 🌾 67.5%
Militia ×27 · Fishing Ship ×10 · Unknown (2626) ×4
Feudal
—
Castle
—
Imperial
—
| APM avg | 30.4 |
| APM peak | 163 |
| eAPM avg | 27.2 |
| Villagers / military | 98 / 51 |
Focus
⚔️ 11.2% · 🌾 88.8%
Skirmisher ×22 · Shotel Warrior ×11 · Fishing Ship ×7 · Camel Scout ×6 · Archer ×5 · Trade Cog ×4
Feudal
12:49
Castle
20:26
Imperial
32:46
| APM avg | 10.9 |
| APM peak | 28 |
| eAPM avg | 7.3 |
| Villagers / military | 58 / 54 |
Focus
⚔️ 34.3% · 🌾 65.7%
Samurai ×24 · Fishing Ship ×18 · Spearman ×6 · Fire Galley ×6 · Trebuchet (Packed) ×6 · Skirmisher ×5
Match map
Initial resources + every placement click. Lines = walls · curves = elevation contours. ◆ gold · ⬟ stone · ● berries · ✦ relic · ◌ wall gap
Your base· ✓ Map-separated
Das_Babli's base· ✓ Map-separated
Killing Strike's base· ✓ Map-separated
hasatakgul's base· ✓ Map-separated
Mini440's base· ✓ Map-separated
harshdeepsinhtwr's base· ✓ Map-separated
Smoothed initial terrain · ◌ = detected wall gap · hover for details
Inputs per minute
— mustelidox - - Das_Babli
Build order — mustelidox
First 150 of 229 actions detected
| 0:03 | Build | House |
| 0:04 | Create | Villager (Male) |
| 0:04 | Create | Villager (Male) |
| 0:04 | Create | Villager (Male) |
| 0:04 | Create | Villager (Male) |
| 1:36 | Create | Villager (Male) |
| 1:41 | Research | Loom |
| 1:57 | Build | House |
| 1:59 | Build | House |
| 2:38 | Create | Villager (Male) |
| 2:38 | Create | Villager (Male) |
| 3:14 | Build | Lumber Camp |
| 3:16 | Create | Villager (Male) |
| 3:17 | Create | Villager (Male) |
| 3:17 | Create | Villager (Male) |
| 3:57 | Create | Villager (Male) |
| 3:58 | Create | Villager (Male) |
| 4:45 | Build | Mill |
| 5:05 | Create | Villager (Male) |
| 5:05 | Create | Villager (Male) |
| 5:05 | Create | Villager (Male) |
| 5:35 | Create | Villager (Male) |
| 5:35 | Create | Villager (Male) |
| 5:37 | Create | Villager (Male) |
| 6:31 | Create | Villager (Male) |
| 8:09 | Create | Villager (Male) |
| 8:10 | Create | Villager (Male) |
| 8:10 | Create | Villager (Male) |
| 8:51 | Research | Feudal Age |
| 11:03 | Age | Feudal Age |
| 11:29 | Research | Wheelbarrow |
| 11:39 | Build | House |
| 11:43 | Research | Double-Bit Axe |
| 11:45 | Create | Villager (Male) |
| 11:45 | Create | Villager (Male) |
| 11:46 | Create | Villager (Male) |
| 12:30 | Build | House |
| 12:55 | Build | Town Center |
| 13:15 | Build | Blacksmith |
| 13:25 | Build | Dock |
| 13:30 | Create | Villager (Male) |
| 13:30 | Create | Villager (Male) |
| 14:32 | Build | House |
| 14:34 | Build | House |
| 14:36 | Build | House |
| 14:39 | Create | Fishing Ship |
| 14:39 | Create | Fishing Ship |
| 14:39 | Create | Fishing Ship |
| 15:26 | Research | Tech 906 |
| 15:28 | Create | Fishing Ship |
| 16:22 | Build | Market |
| 16:31 | Build | House |
| 16:32 | Build | House |
| 16:35 | Research | Horse Collar |
| 16:42 | Research | Town Watch |
| 16:47 | Create | Villager (Male) |
| 16:47 | Create | Villager (Male) |
| 17:16 | Build | Siege Workshop |
| 17:21 | Create | Villager (Male) |
| 17:40 | Create | Villager (Male) |
| 17:40 | Create | Villager (Male) |
| 17:41 | Create | Villager (Male) |
| 17:46 | Build | House |
| 17:47 | Build | House |
| 17:48 | Build | House |
| 17:52 | Build | Farm |
| 17:58 | Create | Battering Ram |
| 18:19 | Build | Barracks |
| 18:23 | Create | Villager (Male) |
| 18:36 | Create | Villager (Male) |
| 19:05 | Create | Villager (Male) |
| 19:17 | Create | Spearman |
| 19:17 | Create | Spearman |
| 19:29 | Create | Fishing Ship |
| 19:29 | Create | Fishing Ship |
| 19:30 | Create | Fishing Ship |
| 19:30 | Create | Fishing Ship |
| 19:39 | Create | Battering Ram |
| 20:25 | Create | Spearman |
| 20:38 | Research | Fletching |
| 20:42 | Create | Villager (Male) |
| 20:43 | Create | Villager (Male) |
| 22:31 | Create | Villager (Male) |
| 22:31 | Create | Villager (Male) |
| 22:32 | Create | Villager (Male) |
| 22:38 | Build | Farm |
| 22:41 | Build | Farm |
| 22:42 | Build | Farm |
| 22:43 | Build | Farm |
| 22:46 | Build | Farm |
| 22:48 | Build | Farm |
| 22:50 | Build | Farm |
| 22:52 | Build | Farm |
| 22:53 | Build | Farm |
| 22:55 | Build | Farm |
| 23:02 | Create | Villager (Male) |
| 23:02 | Create | Villager (Male) |
| 23:03 | Create | Villager (Male) |
| 23:03 | Create | Villager (Male) |
| 24:21 | Create | Villager (Male) |
| 24:27 | Research | Castle Age |
| 26:16 | Build | Dock |
| 26:41 | Build | Siege Workshop |
| 27:07 | Age | Castle Age |
| 27:27 | Build | Town Center |
| 27:31 | Research | Hand Cart |
| 27:34 | Create | Villager (Male) |
| 27:34 | Create | Villager (Male) |
| 27:35 | Create | Villager (Male) |
| 27:35 | Create | Villager (Male) |
| 27:35 | Create | Villager (Male) |
| 27:36 | Create | Villager (Male) |
| 27:36 | Create | Villager (Male) |
| 27:39 | Research | Bow Saw |
| 27:46 | Research | Capped Ram (upgrade) |
| 27:58 | Research | Horse Collar |
| 28:16 | Create | Battering Ram |
| 28:20 | Create | Villager (Male) |
| 28:20 | Create | Villager (Male) |
| 28:20 | Create | Villager (Male) |
| 28:24 | Create | Villager (Male) |
| 28:25 | Create | Villager (Male) |
| 28:25 | Create | Villager (Male) |
| 28:49 | Create | Villager (Male) |
| 28:50 | Create | Villager (Male) |
| 29:02 | Create | Mangonel |
| 29:52 | Create | Villager (Male) |
| 30:37 | Create | Villager (Male) |
| 30:38 | Create | Villager (Male) |
| 30:38 | Create | Villager (Male) |
| 30:39 | Create | Villager (Male) |
| 30:40 | Create | Villager (Male) |
| 30:40 | Create | Villager (Male) |
| 30:40 | Create | Villager (Male) |
| 30:40 | Create | Villager (Male) |
| 31:17 | Build | Lumber Camp |
| 31:23 | Build | Farm |
| 31:24 | Build | Farm |
| 31:29 | Build | Farm |
| 31:30 | Build | Farm |
| 31:32 | Build | Farm |
| 31:33 | Build | Farm |
| 31:35 | Build | Farm |
| 31:36 | Build | Farm |
| 31:39 | Build | Farm |
| 31:41 | Build | Farm |
| 31:42 | Build | Farm |
| 31:43 | Build | Farm |
| 31:45 | Create | Villager (Male) |
| 31:45 | Create | Villager (Male) |
Build order — Das_Babli
First 150 of 186 actions detected
| 0:03 | Build | House |
| 0:05 | Build | House |
| 0:06 | Create | Villager (Male) |
| 0:06 | Create | Villager (Male) |
| 0:06 | Create | Villager (Male) |
| 0:07 | Create | Villager (Male) |
| 0:07 | Create | Villager (Male) |
| 1:41 | Create | Villager (Male) |
| 1:41 | Create | Villager (Male) |
| 1:52 | Build | Lumber Camp |
| 2:05 | Create | Villager (Male) |
| 2:05 | Create | Villager (Male) |
| 2:32 | Create | Villager (Male) |
| 2:32 | Create | Villager (Male) |
| 3:00 | Create | Villager (Male) |
| 3:01 | Create | Villager (Male) |
| 3:02 | Create | Villager (Male) |
| 3:37 | Build | Lumber Camp |
| 3:40 | Create | Villager (Male) |
| 3:40 | Create | Villager (Male) |
| 4:11 | Create | Villager (Male) |
| 4:11 | Create | Villager (Male) |
| 4:35 | Create | Villager (Male) |
| 4:51 | Create | Villager (Male) |
| 4:51 | Create | Villager (Male) |
| 5:10 | Build | Mining Camp |
| 5:29 | Create | Villager (Male) |
| 5:55 | Create | Villager (Male) |
| 6:32 | Build | Mill |
| 6:34 | Create | Villager (Male) |
| 6:34 | Create | Villager (Male) |
| 6:39 | Build | House |
| 6:40 | Build | House |
| 7:33 | Create | Villager (Male) |
| 7:33 | Create | Villager (Male) |
| 7:48 | Build | Dock |
| 7:54 | Build | Dock |
| 8:49 | Create | Villager (Male) |
| 8:50 | Create | Villager (Male) |
| 9:01 | Create | Fishing Ship |
| 9:01 | Create | Fishing Ship |
| 9:10 | Build | Mining Camp |
| 9:23 | Create | Fishing Ship |
| 9:47 | Research | Loom |
| 9:51 | Create | Fishing Ship |
| 10:00 | Create | Villager (Male) |
| 10:18 | Create | Fishing Ship |
| 10:44 | Create | Fishing Ship |
| 11:04 | Research | Feudal Age |
| 11:11 | Build | House |
| 11:13 | Build | House |
| 11:33 | Build | Mining Camp |
| 11:57 | Create | Fishing Ship |
| 12:08 | Build | House |
| 12:26 | Create | Fishing Ship |
| 12:51 | Create | Fishing Ship |
| 12:59 | Create | Villager (Male) |
| 12:59 | Create | Villager (Male) |
| 13:12 | Create | Villager (Male) |
| 13:14 | Age | Feudal Age |
| 13:27 | Create | Fire Galley |
| 13:27 | Create | Fire Galley |
| 13:29 | Create | Fire Galley |
| 14:02 | Build | Lumber Camp |
| 14:13 | Create | Villager (Male) |
| 14:27 | Create | Fire Galley |
| 14:28 | Create | Fire Galley |
| 14:28 | Create | Fire Galley |
| 14:41 | Research | Double-Bit Axe |
| 15:40 | Build | Blacksmith |
| 15:49 | Build | Barracks |
| 15:59 | Create | Villager (Male) |
| 15:59 | Create | Villager (Male) |
| 16:10 | Create | Fire Galley |
| 16:11 | Create | Fire Galley |
| 16:11 | Create | Fire Galley |
| 17:25 | Build | Market |
| 17:34 | Build | House |
| 17:35 | Build | House |
| 17:36 | Build | House |
| 17:37 | Build | House |
| 17:39 | Build | House |
| 17:40 | Build | House |
| 17:42 | Build | House |
| 17:43 | Build | House |
| 17:44 | Build | House |
| 17:45 | Build | House |
| 18:06 | Research | Tech 906 |
| 18:10 | Create | Fire Galley |
| 18:11 | Create | Fire Galley |
| 19:30 | Research | Fletching |
| 19:48 | Research | Castle Age |
| 20:12 | Build | Farm |
| 20:12 | Build | Farm |
| 20:13 | Build | Farm |
| 20:13 | Build | Farm |
| 20:26 | Create | Galley |
| 20:26 | Create | Galley |
| 20:26 | Create | Galley |
| 20:28 | Create | Galley |
| 22:28 | Age | Castle Age |
| 23:15 | Build | Castle |
| 23:47 | Create | Turtle Ship |
| 23:47 | Create | Turtle Ship |
| 23:47 | Create | Turtle Ship |
| 23:47 | Create | Turtle Ship |
| 23:48 | Create | Turtle Ship |
| 23:49 | Create | Turtle Ship |
| 24:00 | Build | Dock |
| 24:01 | Build | Dock |
| 24:03 | Build | Dock |
| 24:09 | Create | Villager (Male) |
| 24:09 | Create | Villager (Male) |
| 24:09 | Create | Villager (Male) |
| 24:10 | Create | Villager (Male) |
| 24:10 | Create | Villager (Male) |
| 24:10 | Create | Villager (Male) |
| 25:08 | Create | Villager (Male) |
| 25:08 | Create | Villager (Male) |
| 25:15 | Research | War Galley (upgrade) |
| 25:19 | Create | Turtle Ship |
| 25:19 | Create | Turtle Ship |
| 25:21 | Create | Fire Galley |
| 25:21 | Create | Fire Galley |
| 25:22 | Create | Fire Galley |
| 25:35 | Create | Galley |
| 25:36 | Create | Galley |
| 25:36 | Create | Galley |
| 26:02 | Build | Mining Camp |
| 28:52 | Build | Mining Camp |
| 28:53 | Create | Villager (Male) |
| 28:53 | Create | Villager (Male) |
| 28:54 | Create | Villager (Male) |
| 28:54 | Create | Villager (Male) |
| 28:58 | Build | Farm |
| 28:59 | Build | Farm |
| 28:59 | Build | Farm |
| 29:01 | Research | Horse Collar |
| 29:04 | Research | Bodkin Arrow |
| 30:09 | Create | Fishing Ship |
| 30:09 | Create | Fishing Ship |
| 30:09 | Create | Fishing Ship |
| 30:09 | Create | Fishing Ship |
| 30:10 | Create | Fishing Ship |
| 30:10 | Create | Fishing Ship |
| 30:10 | Create | Fishing Ship |
| 30:10 | Create | Fishing Ship |
| 30:14 | Build | Farm |
| 30:15 | Build | Farm |
| 30:20 | Build | Farm |
Build order — Killing Strike
First 150 of 295 actions detected
| 0:01 | Create | Villager (Male) |
| 0:02 | Create | Villager (Male) |
| 0:02 | Create | Villager (Male) |
| 0:03 | Build | House |
| 0:06 | Build | House |
| 0:42 | Create | Villager (Male) |
| 1:24 | Create | Villager (Male) |
| 1:24 | Create | Villager (Male) |
| 1:51 | Create | Villager (Male) |
| 2:32 | Create | Villager (Male) |
| 2:32 | Create | Villager (Male) |
| 2:36 | Build | Mill |
| 3:00 | Research | Loom |
| 3:02 | Create | Villager (Male) |
| 3:16 | Create | Villager (Male) |
| 3:50 | Create | Villager (Male) |
| 4:47 | Create | Villager (Male) |
| 4:48 | Create | Villager (Male) |
| 5:16 | Create | Villager (Male) |
| 5:39 | Create | Villager (Male) |
| 5:57 | Create | Villager (Male) |
| 6:34 | Build | Lumber Camp |
| 6:40 | Create | Villager (Male) |
| 6:40 | Create | Villager (Male) |
| 6:51 | Build | House |
| 7:19 | Build | House |
| 7:27 | Create | Villager (Male) |
| 7:27 | Create | Villager (Male) |
| 7:27 | Create | Villager (Male) |
| 7:55 | Create | Villager (Male) |
| 8:43 | Create | Villager (Male) |
| 8:53 | Research | Feudal Age |
| 9:07 | Build | Dock |
| 9:24 | Create | Villager (Male) |
| 9:32 | Build | Mining Camp |
| 9:51 | Create | Fishing Ship |
| 10:01 | Build | House |
| 10:02 | Build | House |
| 10:06 | Build | House |
| 10:08 | Create | Villager (Male) |
| 10:43 | Create | Villager (Male) |
| 10:43 | Create | Villager (Male) |
| 11:07 | Build | Mill |
| 11:25 | Build | House |
| 11:36 | Age | Feudal Age |
| 11:59 | Build | House |
| 12:35 | Create | Villager (Male) |
| 12:54 | Build | Blacksmith |
| 13:08 | Create | Villager (Male) |
| 13:46 | Build | Market |
| 13:48 | Create | Villager (Male) |
| 13:55 | Build | House |
| 13:57 | Build | House |
| 14:18 | Build | Lumber Camp |
| 14:23 | Build | Dock |
| 14:32 | Research | Castle Age |
| 14:41 | Create | Fishing Ship |
| 15:08 | Create | Villager (Male) |
| 15:13 | Create | Fishing Ship |
| 15:13 | Create | Fishing Ship |
| 15:18 | Create | Fishing Ship |
| 15:23 | Build | House |
| 15:24 | Build | House |
| 15:25 | Build | House |
| 15:37 | Build | Dock |
| 15:52 | Build | Lumber Camp |
| 15:55 | Research | Double-Bit Axe |
| 16:05 | Create | Fishing Ship |
| 16:13 | Create | Fishing Ship |
| 16:16 | Create | Fishing Ship |
| 16:29 | Build | House |
| 16:33 | Create | Fire Galley |
| 16:34 | Create | Fire Galley |
| 16:44 | Create | Fishing Ship |
| 17:01 | Build | House |
| 17:08 | Create | Fire Galley |
| 17:12 | Age | Castle Age |
| 17:15 | Create | Villager (Male) |
| 17:19 | Create | Villager (Male) |
| 17:35 | Build | Town Center |
| 17:42 | Create | Villager (Male) |
| 17:46 | Create | Longboat |
| 18:01 | Build | House |
| 18:08 | Create | Villager (Male) |
| 18:17 | Create | Fishing Ship |
| 18:36 | Create | Villager (Male) |
| 18:40 | Create | Villager (Male) |
| 18:40 | Create | Villager (Male) |
| 18:45 | Create | Fishing Ship |
| 18:48 | Create | Longboat |
| 18:59 | Create | Longboat |
| 19:06 | Create | Villager (Male) |
| 19:13 | Build | House |
| 19:21 | Build | Town Center |
| 19:24 | Create | Villager (Male) |
| 19:41 | Create | Longboat |
| 19:55 | Create | Villager (Male) |
| 19:56 | Create | Villager (Male) |
| 19:59 | Create | Fishing Ship |
| 20:00 | Create | Fishing Ship |
| 20:05 | Create | Longboat |
| 20:07 | Create | Fishing Ship |
| 20:08 | Create | Fishing Ship |
| 20:15 | Build | House |
| 20:16 | Build | House |
| 20:20 | Create | Villager (Male) |
| 20:21 | Create | Villager (Male) |
| 20:32 | Create | Fishing Ship |
| 20:32 | Create | Fishing Ship |
| 20:39 | Create | Villager (Male) |
| 20:54 | Create | Longboat |
| 20:55 | Create | Longboat |
| 21:29 | Create | Villager (Male) |
| 21:52 | Create | Unit 2626 |
| 22:08 | Create | Villager (Male) |
| 22:18 | Build | Farm |
| 22:20 | Build | Farm |
| 22:21 | Build | Farm |
| 22:22 | Build | Farm |
| 22:23 | Build | Farm |
| 22:24 | Build | Farm |
| 22:25 | Build | Farm |
| 22:27 | Build | Farm |
| 22:28 | Create | Villager (Male) |
| 22:50 | Create | Unit 2626 |
| 23:12 | Build | House |
| 23:13 | Build | House |
| 23:14 | Build | House |
| 23:45 | Create | Fire Galley |
| 23:54 | Create | Villager (Male) |
| 23:55 | Create | Villager (Male) |
| 24:06 | Create | Villager (Male) |
| 24:06 | Create | Villager (Male) |
| 24:17 | Create | Fishing Ship ×5 |
| 24:20 | Create | Fishing Ship ×5 |
| 24:39 | Build | Castle |
| 24:45 | Create | Longboat |
| 24:45 | Create | Longboat |
| 24:51 | Create | Villager (Male) |
| 24:51 | Create | Villager (Male) |
| 24:55 | Build | Farm |
| 24:56 | Build | Farm |
| 24:58 | Build | Farm |
| 24:59 | Build | Farm |
| 25:00 | Build | Farm |
| 25:01 | Build | Farm |
| 25:03 | Build | Farm |
| 25:06 | Build | Farm |
| 25:08 | Build | Farm |
| 25:12 | Create | Villager (Male) |
Build order — hasatakgul
93 actions detected in the replay
| 0:03 | Create | Villager (Male) ×4 |
| 0:08 | Build | House |
| 0:33 | Build | House |
| 0:33 | Build | House |
| 0:36 | Build | House |
| 1:34 | Create | Villager (Male) |
| 2:05 | Create | Villager (Male) |
| 2:52 | Create | Villager (Male) |
| 3:05 | Create | Villager (Male) |
| 3:26 | Create | Villager (Male) |
| 4:14 | Create | Villager (Male) ×2 |
| 5:12 | Build | Dock |
| 5:20 | Create | Villager (Male) |
| 5:21 | Create | Villager (Male) |
| 5:41 | Research | Loom |
| 6:35 | Create | Villager (Male) |
| 6:36 | Create | Villager (Male) |
| 6:45 | Create | Fishing Ship |
| 6:47 | Create | Fishing Ship |
| 6:57 | Create | Fishing Ship |
| 7:43 | Create | Villager (Male) |
| 7:44 | Create | Villager (Male) |
| 8:17 | Create | Fishing Ship |
| 8:43 | Create | Villager (Male) |
| 8:56 | Build | House |
| 8:58 | Build | House |
| 9:21 | Create | Fishing Ship |
| 9:59 | Build | Lumber Camp |
| 10:21 | Research | Feudal Age |
| 11:08 | Create | Fishing Ship |
| 11:50 | Create | Fishing Ship |
| 12:13 | Build | Mining Camp |
| 12:31 | Age | Feudal Age |
| 12:36 | Create | Villager (Male) |
| 12:37 | Create | Villager (Male) |
| 12:38 | Create | Villager (Male) |
| 12:50 | Research | Tech 906 |
| 12:52 | Create | Fishing Ship |
| 14:25 | Build | Watch Tower |
| 14:47 | Build | Mining Camp |
| 15:07 | Create | Villager (Male) |
| 15:08 | Create | Villager (Male) |
| 15:08 | Create | Villager (Male) |
| 15:08 | Create | Villager (Male) |
| 15:22 | Create | Fishing Ship |
| 15:22 | Create | Fishing Ship |
| 16:04 | Build | House |
| 16:05 | Build | House |
| 16:07 | Build | House |
| 16:09 | Build | House |
| 16:11 | Build | House |
| 17:19 | Build | Stone Wall |
| 17:30 | Build | Barracks |
| 18:00 | Research | Man-at-Arms (upgrade) |
| 18:01 | Create | Militia |
| 18:02 | Create | Militia |
| 18:11 | Build | Barracks |
| 19:26 | Build | Stable |
| 19:29 | Create | Militia |
| 19:30 | Create | Militia |
| 19:30 | Create | Militia |
| 19:37 | Create | Militia |
| 19:37 | Create | Militia |
| 19:38 | Create | Militia |
| 20:18 | Build | Mining Camp |
| 21:11 | Create | Villager (Male) ×5 |
| 21:35 | Create | Militia ×4 |
| 22:04 | Create | Militia ×4 |
| 22:27 | Create | Militia |
| 22:28 | Create | Militia |
| 22:29 | Research | Arson |
| 22:37 | Create | Militia |
| 22:37 | Create | Militia |
| 23:01 | Create | Villager (Male) |
| 23:01 | Create | Villager (Male) |
| 23:25 | Build | Blacksmith |
| 24:18 | Research | Forging |
| 24:19 | Research | Scale Mail Armor |
| 25:03 | Create | Militia ×3 |
| 26:21 | Create | Militia ×3 |
| 26:42 | Create | Unit 2626 |
| 26:42 | Create | Unit 2626 |
| 26:42 | Create | Unit 2626 |
| 26:43 | Create | Unit 2626 |
| 26:54 | Build | Dock |
| 27:18 | Create | Militia |
| 28:21 | Create | Villager (Male) ×3 |
| 32:02 | Build | Town Center |
| 32:56 | Build | Dock |
| 32:58 | Build | Dock |
| 33:55 | Research | Double-Bit Axe |
| 35:06 | Build | Mill |
| 37:43 | Research | Castle Age |
Build order — Mini440
First 150 of 403 actions detected
| 0:03 | Create | Villager (Male) |
| 0:04 | Create | Villager (Male) |
| 0:04 | Create | Villager (Male) |
| 0:04 | Create | Villager (Male) |
| 0:04 | Create | Villager (Male) |
| 0:05 | Create | Villager (Male) |
| 0:08 | Build | House |
| 0:39 | Build | Mill |
| 0:46 | Build | House |
| 0:48 | Build | House |
| 0:51 | Build | House |
| 1:49 | Research | Loom |
| 2:07 | Create | Villager (Male) |
| 2:08 | Create | Villager (Male) |
| 2:46 | Create | Villager (Male) |
| 2:46 | Create | Villager (Male) |
| 2:47 | Create | Villager (Male) |
| 3:12 | Create | Villager (Male) |
| 3:12 | Create | Villager (Male) |
| 3:53 | Create | Villager (Male) |
| 3:54 | Create | Villager (Male) |
| 3:54 | Create | Villager (Male) |
| 3:54 | Create | Villager (Male) |
| 3:54 | Create | Villager (Male) |
| 4:24 | Create | Villager (Male) |
| 4:24 | Create | Villager (Male) |
| 4:24 | Create | Villager (Male) |
| 4:44 | Create | Villager (Male) |
| 4:44 | Create | Villager (Male) |
| 5:00 | Create | Villager (Male) |
| 5:00 | Create | Villager (Male) |
| 5:18 | Build | Lumber Camp |
| 5:21 | Create | Villager (Male) |
| 5:22 | Create | Villager (Male) |
| 6:08 | Create | Villager (Male) |
| 6:59 | Create | Villager (Male) |
| 7:49 | Create | Villager (Male) |
| 8:14 | Research | Feudal Age |
| 8:39 | Build | Palisade Wall |
| 8:44 | Create | Villager (Male) |
| 9:31 | Build | Dock |
| 10:10 | Create | Villager (Male) |
| 10:43 | Build | Mining Camp |
| 10:47 | Research | Wheelbarrow |
| 10:49 | Research | Town Watch |
| 11:10 | Build | Outpost |
| 11:27 | Create | Villager (Male) |
| 11:28 | Create | Villager (Male) |
| 11:39 | Build | Outpost |
| 11:55 | Research | Double-Bit Axe |
| 12:16 | Create | Villager (Male) |
| 12:30 | Build | Outpost |
| 12:38 | Create | Villager (Male) |
| 12:57 | Create | Fishing Ship |
| 13:19 | Create | Villager (Male) |
| 13:39 | Build | Palisade Wall |
| 13:59 | Create | Villager (Male) |
| 14:15 | Build | House |
| 14:16 | Build | House |
| 14:18 | Build | House |
| 14:42 | Build | Blacksmith |
| 14:45 | Create | Villager (Male) |
| 15:00 | Create | Villager (Male) |
| 15:09 | Create | Fishing Ship |
| 15:53 | Build | House |
| 16:06 | Build | Palisade Wall |
| 16:16 | Build | Mining Camp |
| 16:28 | Build | Farm |
| 16:39 | Create | Villager (Male) |
| 16:41 | Create | Villager (Male) |
| 16:53 | Create | Fishing Ship |
| 17:00 | Create | Trade Cog |
| 17:05 | Build | Farm |
| 17:09 | Build | Farm |
| 17:27 | Build | Palisade Wall |
| 17:42 | Build | Market |
| 18:08 | Research | Horse Collar |
| 18:11 | Create | Villager (Male) |
| 18:12 | Create | Villager (Male) |
| 18:21 | Create | Fishing Ship |
| 18:27 | Create | Villager (Male) |
| 18:45 | Build | Farm |
| 19:00 | Build | Gate |
| 19:05 | Build | Farm |
| 19:33 | Build | Farm |
| 19:44 | Build | Barracks |
| 19:47 | Research | Castle Age |
| 20:06 | Research | Gold Mining |
| 20:37 | Build | Palisade Wall |
| 20:42 | Research | Stone Mining |
| 20:52 | Build | Farm |
| 21:06 | Build | Outpost |
| 21:14 | Build | Archery Range |
| 21:16 | Research | Arson |
| 21:18 | Create | Spearman |
| 21:18 | Create | Spearman |
| 21:23 | Create | Villager (Male) |
| 22:18 | Build | Stable |
| 22:31 | Create | Villager (Male) |
| 22:43 | Research | War Galley (upgrade) |
| 22:47 | Create | Galley |
| 22:53 | Build | Gate |
| 22:58 | Build | Farm |
| 23:16 | Build | Palisade Wall |
| 23:26 | Build | Lumber Camp |
| 23:43 | Build | Farm |
| 23:44 | Create | Villager (Male) |
| 24:00 | Research | Bow Saw |
| 24:04 | Create | Villager (Male) |
| 24:04 | Build | Farm |
| 24:04 | Build | Farm |
| 24:04 | Build | Farm |
| 24:04 | Build | Farm |
| 24:04 | Build | Farm |
| 24:04 | Build | Farm |
| 24:04 | Build | Farm |
| 24:04 | Build | Farm |
| 24:04 | Build | Farm |
| 24:04 | Build | Farm |
| 24:04 | Build | Farm |
| 24:04 | Build | Farm |
| 24:04 | Build | Farm |
| 24:04 | Build | Farm |
| 24:04 | Build | Farm |
| 24:04 | Build | Farm |
| 24:04 | Build | Farm |
| 24:04 | Build | Farm |
| 24:04 | Build | Farm |
| 24:04 | Build | Farm |
| 24:04 | Build | Farm |
| 24:04 | Build | Farm |
| 24:04 | Build | Farm |
| 24:04 | Build | Farm |
| 24:04 | Build | Farm |
| 24:04 | Build | Farm |
| 24:04 | Build | Farm |
| 24:04 | Build | Farm |
| 24:10 | Build | Farm |
| 24:25 | Build | Farm |
| 24:25 | Build | Farm |
| 24:25 | Build | Farm |
| 24:25 | Build | Farm |
| 24:25 | Build | Farm |
| 24:25 | Build | Farm |
| 24:25 | Build | Farm |
| 24:25 | Build | Farm |
| 24:25 | Build | Farm |
| 24:25 | Build | Farm |
| 24:25 | Build | Farm |
| 24:25 | Build | Farm |
Build order — harshdeepsinhtwr
First 150 of 172 actions detected
| 0:06 | Build | House |
| 0:09 | Build | House |
| 0:12 | Build | House |
| 0:13 | Create | Villager (Male) |
| 0:13 | Create | Villager (Male) |
| 0:14 | Create | Villager (Male) |
| 1:12 | Create | Villager (Male) |
| 1:55 | Create | Villager (Male) |
| 2:19 | Create | Villager (Male) |
| 2:45 | Research | Loom |
| 3:03 | Build | Mill |
| 3:07 | Create | Villager (Male) |
| 3:07 | Create | Villager (Male) |
| 3:19 | Create | Villager (Male) |
| 3:47 | Build | Dock |
| 3:53 | Create | Villager (Male) |
| 4:11 | Create | Villager (Male) |
| 4:47 | Create | Villager (Male) |
| 5:28 | Create | Villager (Male) |
| 5:43 | Create | Fishing Ship |
| 5:43 | Create | Fishing Ship |
| 6:14 | Create | Villager (Male) |
| 6:15 | Create | Villager (Male) |
| 6:15 | Create | Villager (Male) |
| 6:15 | Create | Villager (Male) |
| 6:27 | Create | Fishing Ship |
| 6:55 | Create | Fishing Ship |
| 7:06 | Create | Villager (Male) |
| 7:07 | Create | Villager (Male) |
| 7:32 | Build | Lumber Camp |
| 7:38 | Build | House |
| 7:43 | Create | Villager (Male) |
| 7:43 | Create | Villager (Male) |
| 7:43 | Create | Villager (Male) |
| 7:44 | Create | Villager (Male) |
| 8:04 | Create | Fishing Ship |
| 8:23 | Create | Villager (Male) |
| 8:46 | Create | Villager (Male) |
| 8:46 | Create | Villager (Male) |
| 8:59 | Build | House |
| 9:12 | Create | Fishing Ship |
| 9:31 | Create | Villager (Male) |
| 9:54 | Build | Mining Camp |
| 9:57 | Create | Villager (Male) |
| 10:33 | Build | House |
| 10:39 | Research | Feudal Age |
| 11:02 | Create | Fishing Ship |
| 11:29 | Build | Barracks |
| 12:49 | Age | Feudal Age |
| 12:52 | Research | Town Watch |
| 12:59 | Research | Double-Bit Axe |
| 13:03 | Research | Horse Collar |
| 13:07 | Build | Archery Range |
| 13:35 | Create | Villager (Male) ×5 |
| 14:00 | Build | Blacksmith |
| 14:03 | Create | Archer |
| 14:05 | Create | Skirmisher |
| 14:05 | Create | Skirmisher |
| 14:06 | Create | Skirmisher |
| 14:06 | Create | Skirmisher |
| 14:29 | Build | Mining Camp |
| 14:37 | Create | Skirmisher |
| 15:03 | Build | Lumber Camp |
| 15:28 | Build | House |
| 15:29 | Build | House |
| 15:31 | Build | House |
| 15:41 | Research | Fletching |
| 15:49 | Research | Stone Mining |
| 16:05 | Build | House |
| 16:08 | Build | House |
| 16:09 | Build | House |
| 16:14 | Build | House |
| 16:28 | Build | Farm |
| 16:29 | Build | Farm |
| 16:31 | Build | Farm |
| 16:34 | Build | Farm |
| 16:47 | Research | Gold Mining |
| 16:56 | Build | Farm |
| 17:46 | Research | Castle Age |
| 17:52 | Research | Forging |
| 17:56 | Create | Spearman |
| 17:57 | Create | Spearman |
| 17:57 | Create | Spearman |
| 18:06 | Create | Fishing Ship |
| 18:06 | Create | Fishing Ship |
| 18:06 | Create | Fishing Ship |
| 18:28 | Build | Dock |
| 19:06 | Research | Scale Mail Armor |
| 19:16 | Create | Fishing Ship |
| 19:17 | Create | Fishing Ship |
| 19:17 | Create | Fishing Ship |
| 19:31 | Build | Dock |
| 19:37 | Create | Spearman |
| 20:17 | Create | Demolition Raft |
| 20:18 | Create | Demolition Raft |
| 20:25 | Create | Demolition Raft |
| 20:26 | Create | Demolition Raft |
| 20:26 | Age | Castle Age |
| 20:36 | Create | Villager (Male) ×5 |
| 20:40 | Build | Town Center |
| 20:45 | Research | Bow Saw |
| 21:20 | Research | Tech 906 |
| 21:56 | Create | Fire Galley |
| 21:57 | Create | Fire Galley |
| 22:23 | Create | Fire Galley |
| 22:23 | Create | Fire Galley |
| 22:51 | Create | Fire Galley |
| 22:52 | Create | Fire Galley |
| 23:35 | Create | Villager (Male) ×5 |
| 23:49 | Build | Town Center |
| 23:57 | Build | Dock |
| 24:05 | Create | Villager (Male) |
| 24:05 | Create | Villager (Male) |
| 24:05 | Create | Villager (Male) |
| 24:06 | Create | Villager (Male) |
| 24:08 | Create | Villager (Male) |
| 24:08 | Create | Villager (Male) |
| 24:08 | Create | Villager (Male) |
| 24:10 | Research | Pikeman (upgrade) |
| 24:20 | Build | University |
| 24:33 | Build | Monastery |
| 24:35 | Research | Heavy Plow |
| 24:47 | Create | Spearman |
| 24:47 | Create | Spearman |
| 25:23 | Create | Villager (Male) |
| 25:24 | Create | Villager (Male) |
| 25:24 | Create | Villager (Male) |
| 25:29 | Build | Castle |
| 25:37 | Research | Squires |
| 25:52 | Research | Tech 908 |
| 25:57 | Create | Monk |
| 26:04 | Create | Villager (Male) ×5 |
| 26:20 | Create | Fishing Ship ×5 |
| 26:51 | Build | Mining Camp |
| 27:11 | Research | Gold Shaft Mining |
| 28:06 | Research | War Galley (upgrade) |
| 28:17 | Build | Dock |
| 28:19 | Build | Dock |
| 28:20 | Build | Dock |
| 28:45 | Research | Gillnets |
| 29:36 | Research | Imperial Age |
| 29:46 | Build | Mining Camp |
| 29:57 | Create | Transport Ship |
| 30:40 | Create | Samurai ×5 |
| 30:41 | Create | Samurai ×5 |
| 30:41 | Create | Samurai ×5 |
| 30:41 | Create | Samurai ×5 |
| 30:42 | Create | Samurai ×3 |
| 31:03 | Build | Lumber Camp |
| 31:09 | Research | Iron Casting |
Match timeline
| 3:47 | harshdeepsinhtwr · first_building Dock |
| 5:12 | hasatakgul · first_building Dock |
| 7:48 | Das_Babli · first_building Dock |
| 8:39 | Mini440 · wall_segment Palisade Wall x10 |
| 9:07 | Killing Strike · first_building Dock |
| 9:31 | Mini440 · first_building Dock |
| 11:03 | mustelidox · age_up feudal |
| 11:29 | harshdeepsinhtwr · first_building Barracks |
| 11:36 | Killing Strike · age_up feudal |
| 12:31 | hasatakgul · age_up feudal |
| 12:49 | harshdeepsinhtwr · age_up feudal |
| 13:07 | harshdeepsinhtwr · first_building Archery Range |
| 13:14 | Das_Babli · age_up feudal |
| 13:25 | mustelidox · first_building Dock |
| 13:39 | Mini440 · wall_segment Palisade Wall x14 |
| 15:49 | Das_Babli · first_building Barracks |
| 16:06 | Mini440 · wall_segment Palisade Wall x14 |
| 17:12 | Killing Strike · age_up castle |
| 17:16 | mustelidox · first_building Siege Workshop |
| 17:19 | hasatakgul · wall_segment Stone Wall x10 |
| 17:27 | Mini440 · wall_segment Palisade Wall x23 |
| 17:30 | hasatakgul · first_building Barracks |
| 18:19 | mustelidox · first_building Barracks |
| 19:26 | hasatakgul · first_building Stable |
| 19:44 | Mini440 · first_building Barracks |
| 20:26 | harshdeepsinhtwr · age_up castle |
| 20:37 | Mini440 · wall_segment Palisade Wall x23 |
| 21:14 | Mini440 · first_building Archery Range |
| 22:18 | Mini440 · first_building Stable |
| 22:28 | Das_Babli · age_up castle |
| 23:15 | Das_Babli · first_building Castle |
| 23:16 | Mini440 · wall_segment Palisade Wall x8 |
| 24:04 | Killing Strike · first_market_buy 100 food |
| 24:08 | Mini440 · first_market_buy 100 wood |
| 24:11 | Mini440 · first_market_sell 100 food |
| 24:33 | harshdeepsinhtwr · first_building Monastery |
| 24:39 | Killing Strike · first_building Castle |
| 25:29 | harshdeepsinhtwr · first_building Castle |
| 26:15 | Mini440 · first_building Monastery |
| 27:07 | mustelidox · age_up castle |
| 31:16 | Mini440 · first_building Castle |
| 31:54 | Das_Babli · first_building Monastery |
| 32:46 | harshdeepsinhtwr · age_up imperial |
| 35:48 | Das_Babli · age_up imperial |
| 35:59 | Killing Strike · age_up imperial |
| 36:31 | Killing Strike · first_market_sell 500 wood |
| 36:41 | mustelidox · first_building Stable |
| 36:53 | Mini440 · first_building Siege Workshop |
| 37:20 | mustelidox · first_building Castle |
| 38:37 | Mini440 · resign |
[ AI ANALYSIS · 1 CREDIT ]
What really happened in this match?
Wolo.gg analyzes every decision: build order, eco, micro, common mistakes by bracket. Personalized analysis on WhatsApp or Discord in 30 seconds.
Civ guide
Cumans
Perfil
Jugador #2145149